L4
MEDELLIN SWORDSMEN @ SEVILLE UNDERDOGS
07/05/2111
 
TOP OF THE 1ST
Medellin Swordsmen batting - Pitching for Seville Underdogs : RHP Jabir Yahyah
Pitching: RHP Jabir Yahyah
Batting: RHB Hamid Kawawe 0-0: Called Strike
0-1: Bunted foul
0-2: Fly out, F8 (Line Drive, 8RM, EV 98.1 MPH)
Batting: SHB Altair Garofalis 0-0: Fly out, F8 (Flyball, 8LD, EV 97.5 MPH)
Batting: RHB Azerwal Youssef 0-0: Called Strike
0-1: Foul Ball, location: 25F
0-2: Ball
1-2: Strikes out swinging
Top of the 1st over - 0 runs, 0 hits, 0 errors, 0 left on base; Medellin 0 - Seville 0
BOTTOM OF THE 1ST
Seville Underdogs batting - Pitching for Medellin Swordsmen : RHP Camar Sankuratri
Pitching: RHP Camar Sankuratri
Batting: RHB Faukhraddin Pavlenov 0-0: Called Strike
0-1: Fly out, F7 (Line Drive, 78M, EV 100.0 MPH)
Batting: RHB Tong Li 0-0: Ball
1-0: Foul Ball, location: 9LSF
1-1: Ball
2-1: Ground out 6-3 (Groundball, 6S, EV 62.5 MPH)
Batting: RHB Muti Kalil 0-0: Called Strike
0-1: Ball
1-1: Foul Ball, location: 5F
1-2: Ball
2-2: Ball
3-2: Foul Ball, location: 7LMF
3-2: Strikes out swinging
Bottom of the 1st over - 0 runs, 0 hits, 0 errors, 0 left on base; Medellin 0 - Seville 0
TOP OF THE 2ND
Medellin Swordsmen batting - Pitching for Seville Underdogs : RHP Jabir Yahyah
Batting: RHB Zenjiro Minagawa 0-0: Ball
1-0: Ground out 6-3 (Groundball, 6MD, EV 103.8 MPH)
Batting: LHB Khoury bin Afeef 0-0: Ball
1-0: Ball
2-0: Called Strike
2-1: Fly out, F7 (Flyball, 7LS, EV 94.4 MPH)
Batting: RHB Yirdaw Neqrouz 0-0: Swinging Strike
0-1: Ground out 6-3 (Groundball, 6, EV 108.1 MPH)
Top of the 2nd over - 0 runs, 0 hits, 0 errors, 0 left on base; Medellin 0 - Seville 0
BOTTOM OF THE 2ND
Seville Underdogs batting - Pitching for Medellin Swordsmen : RHP Camar Sankuratri
Batting: RHB Fumitaka Dias 0-0: Ball
1-0: Ball
2-0: Ball
3-0: Called Strike
3-1: Base on Balls
Batting: LHB Tolenka Ibragimbekov 0-0: Ball
1-0: Ball
2-0: Called Strike
2-1: Swinging Strike
2-2: Foul Ball, location: 2LF
2-2: Ball
3-2: Strikes out swinging
Batting: SHB Ulisses Vitor 0-0: Fielders Choice at 2nd, 3-6 (Groundball, 3, EV 81.3 MPH)
Batting: RHB Michael Ruiz 0-0: Swinging Strike
0-1: Ball
1-1: Ball
2-1: Fly out, F6 (Popup, 56D, EV 50.6 MPH)
Bottom of the 2nd over - 0 runs, 0 hits, 0 errors, 1 left on base; Medellin 0 - Seville 0
TOP OF THE 3RD
Medellin Swordsmen batting - Pitching for Seville Underdogs : RHP Jabir Yahyah
Batting: RHB Willie Chapa 0-0: Foul Ball, location: 2F
0-1: Ball
1-1: Ball
2-1: Ball
3-1: Bunt for hit to 13 - play at first, batter OUT! 1-3
Batting: RHB Jose Castillo 0-0: Ball
1-0: Ball
2-0: Ball
3-0: Called Strike
3-1: Fly out, F8 (Flyball, 8RD, EV 100.0 MPH)
Batting: SHB Turo Harmaja 0-0: Ball
1-0: Ground out 6-3 (Groundball, 6, EV 86.3 MPH)
Top of the 3rd over - 0 runs, 0 hits, 0 errors, 0 left on base; Medellin 0 - Seville 0
BOTTOM OF THE 3RD
Seville Underdogs batting - Pitching for Medellin Swordsmen : RHP Camar Sankuratri
Batting: RHB Kalule Farah 0-0: Ground out 4-3 (Groundball, 4, EV 81.3 MPH)
Batting: RHB Sebastian Gower 0-0: Called Strike
0-1: Ball
1-1: Called Strike
1-2: Fly out, F3 (Popup, 23F, EV 79.4 MPH)
Batting: RHB Faukhraddin Pavlenov 0-0: Called Strike
0-1: Foul Ball, location: 23F
0-2: Foul Ball, location: 3F
0-2: Ball
1-2: SINGLE (Line Drive, 8LS, EV 86.9 MPH)
Batting: RHB Tong Li 0-0: Called Strike
0-1: Ball
1-1: Called Strike
1-2: Fly out, F8 (Flyball, 8RS, EV 85.0 MPH)
Bottom of the 3rd over - 0 runs, 1 hit, 0 errors, 1 left on base; Medellin 0 - Seville 0
TOP OF THE 4TH
Medellin Swordsmen batting - Pitching for Seville Underdogs : RHP Jabir Yahyah
Batting: RHB Hamid Kawawe 0-0: SINGLE (Groundball, 56, EV 100.0 MPH)
Batting: SHB Altair Garofalis 0-0: Bunted foul
0-1: Swinging Strike
0-2: Foul Ball, location: 7LDF
0-2: Ball
Hamid Kawawe steals 2nd base
1-2: Strikes out looking
Batting: RHB Azerwal Youssef 0-0: Ball
1-0: Ball
2-0: Called Strike
2-1: Swinging Strike
2-2: Foul Ball, location: 2F
2-2: Foul Ball, location: 9LDF
2-2: Foul Ball, location: 5F
2-2: SINGLE (Line Drive, 34, EV 95.0 MPH)
Hamid Kawawe to third
Batting: RHB Zenjiro Minagawa 0-0: Called Strike
0-1: Ball
1-1: Swinging Strike
1-2: Foul Ball, location: 2F
1-2: Ball
2-2: Ball
Azerwal Youssef steals 2nd base
3-2: Fly out, F7 (Flyball, 7LM, EV 100.6 MPH)
Runner from 3rd tags up, SCORES, no throw by LF
Batting: LHB Khoury bin Afeef 0-0: Ball
1-0: Swinging Strike
1-1: Foul Ball, location: 7LDF
1-2: Foul Ball, location: 2F
1-2: Strikes out swinging
Top of the 4th over - 1 run, 2 hits, 0 errors, 1 left on base; Medellin 1 - Seville 0
BOTTOM OF THE 4TH
Seville Underdogs batting - Pitching for Medellin Swordsmen : RHP Camar Sankuratri
Batting: RHB Muti Kalil 0-0: Ball
1-0: Ball
2-0: Called Strike
2-1: Fly out, F5 (Line Drive, 56, EV 63.1 MPH)
Batting: RHB Fumitaka Dias 0-0: Ground out 6-3 (Groundball, 4MD, EV 86.9 MPH)
Batting: LHB Tolenka Ibragimbekov 0-0: Fly out, F8 (Flyball, 78XD, EV 83.1 MPH)
Bottom of the 4th over - 0 runs, 0 hits, 0 errors, 0 left on base; Medellin 1 - Seville 0
TOP OF THE 5TH
Medellin Swordsmen batting - Pitching for Seville Underdogs : RHP Jabir Yahyah
Batting: RHB Yirdaw Neqrouz 0-0: Called Strike
0-1: Ball
1-1: Foul Ball, location: 2F
1-2: Foul Ball, location: 2F
1-2: Ground out 6-3 (Groundball, 6, EV 82.5 MPH)
Batting: RHB Willie Chapa 0-0: Called Strike
0-1: SINGLE (Groundball, 34D, EV 105.6 MPH)
Batting: RHB Jose Castillo 0-0: Ball
1-0: Ball
2-0: Foul Ball, location: 2F
2-1: Foul Ball, location: 23F
2-2: Foul Ball, location: 9LMFF
2-2: Ball
3-2: Base on Balls
Willie Chapa to second
Batting: SHB Turo Harmaja 0-0: Called Strike
0-1: Foul Ball, location: 9LSFF
0-2: Ball
1-2: SINGLE (Groundball, 4MD, EV 96.9 MPH)
Willie Chapa to third
Jose Castillo to second
Runner from 3rd tries for Home, SAFE, throw by CF to home
Batting: RHB Hamid Kawawe 0-0: Foul Ball, location: 9LDF
0-1: Swinging Strike
0-2: Ball
1-2: Ball
2-2: Ball
3-2: SINGLE (Groundball, 6M, EV 81.9 MPH) (infield hit)
Jose Castillo to third
Turo Harmaja to second
Batting: SHB Altair Garofalis 0-0: Ball
1-0: Called Strike
1-1: Foul Ball, location: 9LSF
1-2: Ball
2-2: Foul Ball, location: 2F
2-2: Strikes out swinging
Batting: RHB Azerwal Youssef 0-0: Called Strike
0-1: Ground out 4-3 (Groundball, 4, EV 101.3 MPH)
Top of the 5th over - 1 run, 3 hits, 0 errors, 3 left on base; Medellin 2 - Seville 0
BOTTOM OF THE 5TH
Seville Underdogs batting - Pitching for Medellin Swordsmen : RHP Camar Sankuratri
Batting: SHB Ulisses Vitor 0-0: Ball
1-0: Fly out, F8 (Flyball, 8LD, EV 100.6 MPH)
Batting: RHB Michael Ruiz 0-0: Ball
1-0: Called Strike
1-1: Ball
2-1: Called Strike
2-2: Ball
3-2: Base on Balls
Batting: RHB Kalule Farah 0-0: Foul Ball, location: 7LMFF
0-1: Ball
1-1: Called Strike
1-2: Foul Ball, location: 2F
1-2: Strikes out swinging
Batting: RHB Sebastian Gower 0-0: Ball
1-0: DOUBLE (Line Drive, 7LS, EV 105.0 MPH)
Michael Ruiz to third
Batting: RHB Faukhraddin Pavlenov 0-0: Called Strike
0-1: Ball
1-1: Called Strike
1-2: Ground out 4-3 (Groundball, 4M, EV 107.5 MPH)
Bottom of the 5th over - 0 runs, 1 hit, 0 errors, 2 left on base; Medellin 2 - Seville 0
TOP OF THE 6TH
Medellin Swordsmen batting - Pitching for Seville Underdogs : RHP Jabir Yahyah
Batting: RHB Zenjiro Minagawa 0-0: Foul Ball, location: 5F
0-1: Fly out, F7 (Flyball, 7D, EV 82.5 MPH)
Batting: LHB Khoury bin Afeef 0-0: Called Strike
0-1: Ball
1-1: Foul Ball, location: 3F
1-2: Foul Ball, location: 3FF
1-2: Ball
2-2: Ground out U3 (Groundball, 34, EV 88.1 MPH)
Batting: RHB Yirdaw Neqrouz 0-0: Called Strike
0-1: Ball
1-1: Ball
2-1: Ball
3-1: Foul Ball, location: 2F
3-2: Base on Balls
Batting: RHB Willie Chapa 0-0: Called Strike
Yirdaw Neqrouz steals 2nd base
0-1: Ground out 6-3 (Groundball, 6, EV 88.1 MPH)
Top of the 6th over - 0 runs, 0 hits, 0 errors, 1 left on base; Medellin 2 - Seville 0
BOTTOM OF THE 6TH
Seville Underdogs batting - Pitching for Medellin Swordsmen : RHP Camar Sankuratri
Batting: RHB Tong Li 0-0: Ground out 6-3 (Groundball, 6, EV 100.6 MPH)
Batting: RHB Muti Kalil 0-0: Ball
1-0: Foul Ball, location: 2F
1-1: SINGLE (Line Drive, 6MD, EV 98.8 MPH)
Batting: RHB Fumitaka Dias 0-0: Ball
1-0: Fly out, F3 (Flyball, 34D, EV 86.9 MPH)
Batting: LHB Tolenka Ibragimbekov 0-0: Called Strike
0-1: Ball
1-1: SINGLE (Line Drive, 78S, EV 95.0 MPH)
Muti Kalil to second
Batting: SHB Ulisses Vitor 0-0: Swinging Strike
0-1: Swinging Strike
0-2: Foul Ball, location: 3DF
0-2: Ball
1-2: Ball
2-2: Ball
3-2: Fly out, F9 (Flyball, 9LD, EV 95.6 MPH)
Bottom of the 6th over - 0 runs, 2 hits, 0 errors, 2 left on base; Medellin 2 - Seville 0
TOP OF THE 7TH
Medellin Swordsmen batting - Pitching for Seville Underdogs : RHP Jabir Yahyah
Batting: RHB Jose Castillo 0-0: Called Strike
0-1: Ball
1-1: Ball
2-1: Fly out, F8 (Flyball, 8RS, EV 95.6 MPH)
Batting: SHB Turo Harmaja 0-0: Ground out 4-3 (Groundball, 4, EV 107.5 MPH)
Batting: RHB Hamid Kawawe 0-0: Called Strike
0-1: Ball
1-1: Ball
2-1: Called Strike
2-2: Ground out 6-3 (Groundball, 6, EV 101.9 MPH)
Top of the 7th over - 0 runs, 0 hits, 0 errors, 0 left on base; Medellin 2 - Seville 0
BOTTOM OF THE 7TH
Seville Underdogs batting - Pitching for Medellin Swordsmen : RHP Camar Sankuratri
Batting: RHB Michael Ruiz 0-0: Ball
1-0: SINGLE (Line Drive, 78M, EV 95.0 MPH)
Batting: RHB Kalule Farah 0-0: Ball
1-0: Ball
2-0: Ball
3-0: Base on Balls
Michael Ruiz to second
Pinch Hitting: LHB Ala' Ratib 0-0: Ball
1-0: Called Strike
1-1: Fly out, F4 (Line Drive, 4, EV 69.4 MPH)
Batting: RHB Faukhraddin Pavlenov 0-0: DOUBLE (Line Drive, 9LS, EV 103.1 MPH)
Michael Ruiz scores
Kalule Farah to third
Runner from 3rd tries for Home, SAFE, throw by RF to trailing runner, SAFE at third!
Batting: RHB Tong Li 0-0: Ball
1-0: Fielders Choice at home, 5-2 (Groundball, 5, EV 85.0 MPH)
Batting: RHB Muti Kalil 0-0: Ball
Wild Pitch!
Tong Li to second
1-0: Ball
2-0: Ball
3-0: Called Strike
3-1: SINGLE (Groundball, 6MD, EV 93.8 MPH)
Tong Li to third
Runner from 3rd tries for Home, SAFE, throw by CF to home
Batting: RHB Fumitaka Dias 0-0: Ball
1-0: Ball
2-0: Called Strike
2-1: SINGLE (Groundball, 4D, EV 106.9 MPH)
Muti Kalil to second
Runner from 2nd tries for 3rd, SAFE, throw by CF made to third
Batting: LHB Tolenka Ibragimbekov 0-0: Ball
1-0: Ball
2-0: SINGLE (Line Drive, 78S, EV 106.9 MPH)
Muti Kalil scores
Fumitaka Dias to second
Batting: SHB Ulisses Vitor 0-0: Called Strike
0-1: Ball
1-1: Ball
2-1: Fly out, F9 (Flyball, 9, EV 74.4 MPH)
Bottom of the 7th over - 4 runs, 5 hits, 0 errors, 2 left on base; Medellin 2 - Seville 4
TOP OF THE 8TH
Medellin Swordsmen batting - Pitching for Seville Underdogs : RHP Jabir Yahyah
Now at 2B: Tak-keung Jiao
Batting: SHB Altair Garofalis 0-0: Ball
1-0: Ball
2-0: Called Strike
2-1: Ball
3-1: Base on Balls
Batting: RHB Azerwal Youssef 0-0: Ball
1-0: Called Strike
1-1: Foul Ball, location: 3FF
1-2: Fly out, F8 (Flyball, 8LS, EV 92.5 MPH)
Pinch Hitting: LHB Edgar Garcia 0-0: Called Strike
0-1: Ball
1-1: Called Strike
1-2: Ball
2-2: SINGLE (Groundball, 34D, EV 105.0 MPH)
Altair Garofalis to second
Runner from 2nd tries for 3rd, SAFE, throw by RF made to third
Batting: LHB Khoury bin Afeef 0-0: Fly out, F4 (Line Drive, 4M, EV 60.6 MPH)
Pinch Hitting: LHB Yannick Walter 0-0: Called Strike
0-1: Ball
1-1: Ball
2-1: Foul Ball, location: 5SF
2-2: Fielders Choice at 2nd, 5-4 (Groundball, 56, EV 81.9 MPH)
Top of the 8th over - 0 runs, 1 hit, 0 errors, 2 left on base; Medellin 2 - Seville 4
BOTTOM OF THE 8TH
Seville Underdogs batting - Pitching for Medellin Swordsmen : RHP Camar Sankuratri
Now at 1B: Edgar Garcia
Now at 2B: Altair Garofalis
Now in LF: Yannick Walter
Batting: RHB Michael Ruiz 0-0: Ground out 5-3 (Groundball, 56, EV 81.3 MPH)
Batting: RHB Kalule Farah 0-0: Foul Ball, location: 3FF
0-1: Ball
1-1: Ball
2-1: Ball
3-1: Base on Balls
Batting: RHB Tak-keung Jiao 0-0: Ball
1-0: Swinging Strike
1-1: Hit by Pitch
Kalule Farah to second
Pinch Runner at 1st Samuel Martins:
Batting: RHB Faukhraddin Pavlenov 0-0: SINGLE (Groundball, 34D, EV 101.9 MPH)
Kalule Farah to third
Samuel Martins to second
Runner from 3rd tries for Home, SAFE, throw by RF to home
Pitching: RHP Lien-ying Ang
Batting: RHB Tong Li 0-0: Ball
1-0: Foul Ball, location: 2F
1-1: Ball
2-1: Called Strike
2-2: Foul Ball, location: 2F
2-2: SINGLE (Flyball, 56D, EV 89.4 MPH)
Samuel Martins to third
Faukhraddin Pavlenov to second
Batting: RHB Muti Kalil 0-0: Ball
1-0: Ball
2-0: Ball
3-0: Foul Ball, location: 2F
3-1: Foul Ball, location: 2F
3-2: Fly out, F7 (Line Drive, 7S, EV 92.5 MPH)
Batting: RHB Fumitaka Dias 0-0: Called Strike
0-1: Called Strike
0-2: Ball
1-2: Strikes out looking
Bottom of the 8th over - 1 run, 2 hits, 0 errors, 3 left on base; Medellin 2 - Seville 5
TOP OF THE 9TH
Medellin Swordsmen batting - Pitching for Seville Underdogs : RHP Jabir Yahyah
Pitching: LHP EhitiKapura Laionela
Now at 2B: Ulisses Vitor
Now at SS: Karsten Denktash
Batting: RHB Willie Chapa 0-0: Called Strike
0-1: Swinging Strike
0-2: Foul Ball, location: 3SF
0-2: Ground out 5-3 (Groundball, 56, EV 100.0 MPH)
Batting: RHB Jose Castillo 0-0: Ball
1-0: Foul Ball, location: 7LMF
1-1: Ball
2-1: Ball
3-1: SINGLE (Groundball, 56D, EV 106.3 MPH)
Batting: SHB Turo Harmaja 0-0: Ball
1-0: Ball
2-0: SINGLE (Groundball, 6MD, EV 95.0 MPH)
Jose Castillo to second
Batting: RHB Hamid Kawawe 0-0: Called Strike
0-1: Ball
1-1: Ball
2-1: Foul Ball, location: 9LDF
2-2: Ball
3-2: Foul Ball, location: 3DF
3-2: Fielders Choice at 2nd, 5-4 (Groundball, 56S, EV 87.5 MPH)
Jose Castillo to third
Batting: SHB Altair Garofalis 0-0: Ball
1-0: Ball
2-0: Ball
3-0: Called Strike
3-1: Called Strike
3-2: Foul Ball, location: 3DF
3-2: Foul Ball, location: 23F
3-2: SINGLE (Groundball, 6MD, EV 97.5 MPH)
Jose Castillo scores
Hamid Kawawe to second
Hamid Kawawe to third
Batting: RHB Azerwal Youssef 0-0: Ball
1-0: Ball
2-0: Called Strike
2-1: SINGLE (Groundball, 6MD, EV 110.0 MPH)
Hamid Kawawe scores
Altair Garofalis to second
Runner from 2nd tries for 3rd, SAFE, throw by CF made to third
Azerwal Youssef to second
Batting: LHB Edgar Garcia 0-0: Called Strike
0-1: Ball
1-1: Ball
2-1: SINGLE (Groundball, 4MD, EV 105.0 MPH)
Altair Garofalis scores
Azerwal Youssef to third
Runner from 3rd tries for Home, SAFE, throw by CF to home
Edgar Garcia to second
Pitching: RHP Florian Fouquet
Batting: LHB Khoury bin Afeef 0-0: Called Strike
0-1: Ground out 4-3 (Groundball, 4, EV 78.1 MPH)
Top of the 9th over - 4 runs, 5 hits, 0 errors, 1 left on base; Medellin 6 - Seville 5
BOTTOM OF THE 9TH
Seville Underdogs batting - Pitching for Medellin Swordsmen : RHP Lien-ying Ang
Pitching: RHP Tekeste Milina
Batting: LHB Tolenka Ibragimbekov 0-0: Called Strike
0-1: Foul Ball, location: 2F
0-2: Strikes out swinging
Batting: SHB Ulisses Vitor 0-0: Fly out, F8 (Flyball, 8RD, EV 92.5 MPH)
Pinch Hitting: SHB Ismail Kalhora 0-0: Ground out 3-1 (Groundball, 34, EV 83.1 MPH)
Bottom of the 9th over - 0 runs, 0 hits, 0 errors, 0 left on base; Medellin 6 - Seville 5
Wednesday, August 28th , 2024 - OOTP Baseball 25.8 Build 87